[Event "Team 45 45 League T63"]
[Site "Internet Chess Club"]
[Date "2015.01.25"]
[Round "8"]
[White "Visin"]
[Black "Sunny2002"]
[Result "1/2-1/2"]
[WhiteElo "1264"]
[BlackElo "1175"]
[Opening "Pirc: classical (two knights) system"]
[ECO "B08"]
[Time "09:00:13"]
[TimeControl "2700+45"]

1. e4 d6 2. d4 g6 3. Nf3 Nf6 4. Nc3 Bg7 5. Bg5 O-O 6. Be2 Bg4 7. O-O c5 8. dxc5
dxc5 9. h3 Bxf3 10. Bxf3 h6 11. Bf4 Nc6 12. e5 Nd7 13. Bxc6 bxc6 14. Re1 Nb6 15.
Ne4 Nc4 16. Nxc5 Nxb2 17. Qc1 Nc4 18. Bxh6 Bxe5 19. Bxf8 Bxa1 20. Qxa1 Qxf8 21.
Qc3 Nb6 22. Nb3 Rc8 23. Qe3 Rc7 24. Rd1 Nd5 25. Qg3 Qc8 26. c4 Nb6 27. Qd3 Rd7
28. Qc2 Rxd1+ 29. Qxd1 Nxc4 30. Qc1 Nb6 31. Qc5 Nd5 32. Nd4 e6 33. Qxc6 Qxc6 34.
Nxc6 a6 35. a4 a5 36. Nxa5 Nc3 37. Nc4 Nxa4 38. f3 Kg7 39. Kf2 Kf6 40. g4 Kg5
41. Kg3 f5 42. f4+ Kf6 {Game drawn by mutual agreement} 1/2-1/2

[Event "Team 45 45 League T63"]
[Site "Internet Chess Club"]
[Date "2015.01.23"]
[Round "8"]
[White "otherook"]
[Black "pauliewoll"]
[Result "0-1"]
[WhiteElo "1750"]
[BlackElo "1714"]
[Opening "English: symmetrical, main line with d4"]
[ECO "A39"]
[Time "16:31:04"]
[TimeControl "2700+45"]

1. c4 c5 2. g3 Nc6 3. Bg2 g6 4. Nf3 Bg7 5. O-O Nf6 6. Nc3 O-O 7. d4 cxd4 8. Nxd4
Nxd4 9. Qxd4 d6 10. Qd3 Bf5 11. e4 Be6 12. b3 Rc8 13. Bb2 Ng4 14. Rab1 Ne5 15.
Qe3 Qa5 16. a4 Bxc4 17. Nd5 Bxf1 18. Nxe7+ Kh8 19. Nxc8 Bxg2 20. Nxd6 Bh3 21.
Nxb7 Qb6 22. Nc5 Rc8 23. Bd4 Nf3+ 24. Qxf3 Bxd4 25. Nd3 Qf6 26. Qe2 Qc6 27. Nb4
Qc1+ 28. Qd1 Qxd1+ 29. Rxd1 Rc3 {White resigns} 0-1

[Event "Team 45 45 League T63"]
[Site "Internet Chess Club"]
[Date "2015.01.26"]
[Round "8"]
[White "bayoumicardio10"]
[Black "caglar"]
[Result "0-1"]
[WhiteElo "1594"]
[BlackElo "1577"]
[Opening "Giuoco Piano"]
[ECO "C44"]
[Time "14:00:13"]
[TimeControl "2700+45"]

1. e4 e5 2. Nf3 Nc6 3. d4 exd4 4. Bc4 Bc5 5. c3 Nf6 6. cxd4 Bb4+ 7. Bd2 Nxe4 8.
Bxb4 Nxb4 9. Bxf7+ Kxf7 10. Qb3+ d5 11. Qxb4 Rf8 12. O-O Kg8 13. Nc3 c5 14. dxc5
Rxf3 15. gxf3 Qg5+ 16. Kh1 Bh3 17. Rg1 Nxf2# {White checkmated} 0-1

[Event "Team 45 45 League T63"]
[Site "Internet Chess Club"]
[Date "2015.01.26"]
[Round "8"]
[White "Jyzzslynggur"]
[Black "kutch"]
[Result "1-0"]
[WhiteElo "1713"]
[BlackElo "1435"]
[Opening "Queen's pawn game"]
[ECO "E10"]
[Time "21:00:50"]
[TimeControl "2700+45"]

1. d4 Nf6 2. Nf3 e6 3. c4 d5 4. g3 b6 5. Bg2 Bb7 6. cxd5 Bxd5 7. O-O Nbd7 8. Bd2
c5 9. Nc3 Bc6 10. Qc2 cxd4 11. Nxd4 Bxg2 12. Kxg2 Qc7 13. Rac1 Qb7+ 14. f3 Rc8
15. e4 Be7 16. Rfd1 O-O 17. Bf4 e5 18. Nf5 Rfe8 19. Bg5 Nxe4 20. Qxe4 Qxe4 21.
Nxe7+ Kf8 22. Nxe4 Rxc1 23. Rxc1 f6 24. Nd5 fxg5 25. Rc7 Rd8 26. Nxg5 Nc5 27.
Rxc5 bxc5 28. Ne6+ Ke8 29. Nxd8 Kxd8 {Black resigns} 1-0

[Event "Team 45 45 League T63"]
[Site "Internet Chess Club"]
[Date "2015.01.25"]
[Round "8"]
[White "TwinsburgOHUSA"]
[Black "kingphisch"]
[Result "1/2-1/2"]
[WhiteElo "1382"]
[BlackElo "1518"]
[Opening "Queen's pawn, Mason variation"]
[ECO "D00"]
[Time "14:00:52"]
[TimeControl "2700+45"]

1. d4 d5 2. Bf4 e6 3. Nf3 Nd7 4. e3 Ngf6 5. Nbd2 Be7 6. h3 c5 7. c3 O-O 8. Bd3
Re8 9. Ne5 a6 10. g4 Nxe5 11. dxe5 Nd7 12. Nf3 f6 13. Qe2 fxe5 14. Nxe5 Nxe5 15.
Bxe5 Bf6 16. Bxf6 Qxf6 17. Kd2 e5 18. Raf1 e4 19. Bb1 Bd7 20. Rfg1 Rf8 21. Rh2
Qb6 22. Kc1 Qd6 23. Rgg2 b5 24. Qd2 a5 25. Bxe4 Bc6 26. f4 Rad8 27. Bf3 a4 28.
g5 c4 29. g6 h6 30. Qd4 Qf6 31. Qxf6 Rxf6 32. h4 Rdd6 33. h5 Bd7 34. a3 Bf5 35.
Bg4 Bxg4 36. Rxg4 Rde6 37. Kd2 Re4 38. Re2 Rf5 39. Rh4 Rf6 40. Rhh2 {Game drawn
by mutual agreement} 1/2-1/2

[Event "Team 45 45 League T63"]
[Site "Internet Chess Club"]
[Date "2015.01.25"]
[Round "8"]
[White "Schachteufel"]
[Black "tammany"]
[Result "1-0"]
[WhiteElo "1747"]
[BlackElo "1738"]
[Opening "Sicilian: Najdorf, Byrne (English) attack"]
[ECO "B90"]
[Time "14:08:10"]
[TimeControl "2700+45"]

1. e4 c5 2. Nf3 d6 3. d4 cxd4 4. Nxd4 Nf6 5. Nc3 a6 6. Be3 e5 7. Nb3 Be6 8. f3
Be7 9. Qd2 Nbd7 10. O-O-O O-O 11. Qf2 Bxb3 12. axb3 b5 13. g4 Qa5 14. Kb1 Nc5
15. g5 Nxb3 16. cxb3 Nh5 17. Bb6 Qb4 18. Nd5 Qxb3 19. Nxe7+ Kh8 20. Rd3 Qe6 21.
Nd5 Nf4 22. Rc3 Nxd5 23. exd5 Qxd5 24. Bd3 Rac8 25. Rhc1 Rxc3 26. Rxc3 b4 27.
Be4 Qd1+ 28. Rc1 Qa4 29. b3 Qxb3+ 30. Qb2 Qe6 31. Qxb4 Rb8 32. Rc6 Qh3 33. Qxd6
Qf1+ 34. Kc2 Qe2+ 35. Qd2 Qb5 36. Qd6 Qe2+ 37. Kc3 Qe1+ 38. Kc4 Qe2+ 39. Bd3
Qa2+ 40. Kc3 Qa1+ 41. Kd2 Re8 42. Qd7 Qb2+ 43. Ke1 Qa1+ 44. Kf2 Rg8 45. Qxf7
Qb2+ 46. Kg3 Qd2 47. Qf5 Qe1+ 48. Bf2 Qb4 49. Qxh7# {Black checkmated} 1-0

[Event "Team 45 45 League T63"]
[Site "Internet Chess Club"]
[Date "2015.01.25"]
[Round "8"]
[White "Constrictor"]
[Black "GregoryViking"]
[Result "1-0"]
[WhiteElo "1660"]
[BlackElo "1595"]
[Opening "Bird's opening"]
[ECO "A03"]
[Time "17:03:11"]
[TimeControl "2700+45"]

1. f4 d5 2. Nf3 Nc6 3. b3 Bf5 4. e3 f6 5. Ba3 e5 6. Bxf8 Kxf8 7. fxe5 fxe5 8.
Be2 e4 9. Nd4 Nxd4 10. exd4 Ke7 11. O-O Nh6 12. Nc3 c6 13. Qe1 Rf8 14. Qg3 Bg6
15. Qe5+ Kd7 16. Qxg7+ Nf7 17. Bg4+ Ke7 18. Qf6+ Ke8 19. Qe6+ Qe7 {Black
resigns} 1-0

[Event "Team 45 45 League T63"]
[Site "Internet Chess Club"]
[Date "2015.01.24"]
[Round "8"]
[White "krysto"]
[Black "elessar"]
[Result "1/2-1/2"]
[WhiteElo "1594"]
[BlackElo "1579"]
[Opening "QGD Slav: Süchting variation"]
[ECO "D15"]
[Time "12:00:11"]
[TimeControl "2700+45"]

1. d4 d5 2. c4 c6 3. Nf3 Nf6 4. Nc3 Qb6 5. Qb3 Bf5 6. e3 Qxb3 7. axb3 e6 8. c5
Nbd7 9. Na4 Be7 10. b4 a6 11. Be2 h6 12. O-O O-O 13. Nd2 Bd8 14. Nb3 Bc7 15. f3
e5 16. Nc3 Bc2 17. Na5 Bxa5 18. Rxa5 exd4 19. exd4 Rfe8 20. Bd2 Kf8 21. Rfa1 Nb8
22. b5 Rxe2 23. Nxe2 Bd3 24. Nc3 cxb5 25. Re1 Nc6 26. Raa1 Nxd4 27. Re5 Nb3 28.
Rd1 Bc2 29. Rde1 Nxc5 30. Nxd5 Nd3 31. Bb4+ Nxb4 32. Nxb4 Bb3 33. Re7 a5 34. Nd3
Re8 35. Rxb7 Rxe1+ 36. Nxe1 Bc4 37. b3 Bxb3 38. Rxb5 a4 39. Nd3 Nd5 40. Nb2 Nc3
41. Rc5 Nb1 42. Rc1 Na3 43. Nxa4 Bxa4 44. Ra1 h5 45. Rxa3 Bd7 46. h4 g6 47. Kf2
Be6 48. Ke3 Kg7 49. Kf4 Bc8 50. g4 hxg4 51. fxg4 Be6 52. g5 Bc4 53. Ke5 Be6 54.
Ra7 Bb3 55. Ra3 Be6 56. Rf3 Ba2 57. Rf6 Bb3 {Game drawn by mutual agreement}
1/2-1/2

[Event "Team 45 45 League T63"]
[Site "Internet Chess Club"]
[Date "2015.01.23"]
[Round "8"]
[White "Hal2001"]
[Black "Berke"]
[Result "1/2-1/2"]
[WhiteElo "1561"]
[BlackElo "1531"]
[Opening "French: Two knights variation"]
[ECO "C00"]
[Time "13:01:52"]
[TimeControl "2700+45"]

1. e4 e6 2. Nc3 d5 3. Nf3 Nf6 4. e5 Nfd7 5. d4 c5 6. dxc5 Nc6 7. Bf4 Bxc5 8. Bd3
f6 9. exf6 Nxf6 10. a3 a6 11. O-O O-O 12. Qd2 Bd7 13. h3 b5 14. b4 Be7 15. Rfe1
Nh5 16. Bh2 Nf6 17. Re2 d4 18. Ne4 Nd5 19. Neg5 Bxg5 20. Nxg5 Nf6 21. Nxe6 Bxe6
22. Rxe6 Qd5 23. Rae1 Rad8 24. R6e2 Rd7 25. Qc1 Kh8 26. Be5 Nxe5 27. Rxe5 Qf7
28. R5e2 Nd5 29. Rf1 Nf4 30. Rd2 Nxd3 31. Rxd3 Rfd8 32. Rfd1 h6 33. Qa1 Qf5 34.
Rxd4 Rxd4 35. Rxd4 Rxd4 36. Qxd4 Qxc2 37. Qe3 Qc7 {Game drawn by mutual
agreement} 1/2-1/2

[Event "Team 45 45 League T63"]
[Site "Internet Chess Club"]
[Date "2015.01.23"]
[Round "8"]
[White "divy7"]
[Black "uzi"]
[Result "1-0"]
[WhiteElo "1670"]
[BlackElo "1863"]
[Opening "Scandinavian: Marshall variation"]
[ECO "B01"]
[Time "16:37:30"]
[TimeControl "2700+45"]

1. e4 d5 2. exd5 Nf6 3. d4 Nxd5 4. c4 Nf6 5. Nc3 Bf5 6. Be2 e6 7. Nf3 Nc6 8. O-O
Bd6 9. Be3 O-O 10. Nh4 Be4 11. a3 h6 12. Nxe4 Nxe4 13. Nf3 Nf6 14. b4 Ng4 15.
Bd2 a6 16. h3 Nf6 17. Bd3 Be7 18. Bc3 Qd6 19. Re1 Rfd8 20. Qc2 Kf8 21. d5 exd5
22. c5 Qd7 23. Bf5 Qe8 24. Bxf6 gxf6 25. Bd7 {Black resigns} 1-0

[Event "Team 45 45 League T63"]
[Site "Internet Chess Club"]
[Date "2015.01.21"]
[Round "8"]
[White "Gilguli"]
[Black "bluesun"]
[Result "0-1"]
[WhiteElo "1421"]
[BlackElo "1496"]
[Opening "Vienna gambit"]
[ECO "C29"]
[Time "16:00:33"]
[TimeControl "2700+45"]

1. e4 e5 2. Nc3 Nf6 3. f4 Nc6 4. Nf3 d6 5. Bc4 Nxe4 6. Bxf7+ Kxf7 7. Nxe4 exf4
8. d3 d5 9. Nc3 Qe7+ 10. Ne2 Bg4 11. O-O Re8 12. Nxf4 Qc5+ 13. Kh1 Bd6 14. Ng5+
Kg8 15. Qxg4 Qf2 16. Qf3 Qd4 17. Nfe6 Qf6 18. Qxf6 gxf6 19. Rxf6 Be5 20. Rf5 h6
21. Rxe5 Nxe5 22. Nxc7 Rf8 23. Bd2 hxg5 24. Bc3 Rf5 25. Nxd5 Rh7 26. Re1 Ng4 27.
Re8+ Kf7 28. Re7+ Kf8 29. Re1 Rxh2+ 30. Kg1 Rxd5 31. Re4 Rh4 32. g3 Rh2 33. Rxg4
Rxc2 34. d4 Kf7 35. Re4 Rf5 36. Re5 Rxe5 37. dxe5 g4 38. a3 Ke6 39. Kf1 b5 40.
Kg1 a6 41. Kf1 Kf5 42. Ke1 Rg2 43. Kf1 Rxg3 44. Kf2 Rf3+ 45. Kg2 Ke6 46. Bd4 Kd5
47. Bc3 Kc4 48. Bb4 Kd5 49. Bc3 Re3 50. Kf2 Rxe5 51. Bxe5 Kxe5 52. Kg3 Kd4 53.
Kxg4 Kc4 54. Kf4 Kb3 55. Ke3 Kxb2 56. Kd2 Kxa3 57. Kc1 Kb3 58. Kb1 a5 59. Ka1 a4
60. Kb1 a3 61. Ka1 Ka4 62. Ka2 b4 63. Kb1 b3 64. Ka1 b2+ 65. Kb1 Kb4 66. Ka2 Kc3
67. Kb1 a2+ 68. Kxa2 {White resigns} 0-1

[Event "Team 45 45 League T63"]
[Site "Internet Chess Club"]
[Date "2015.01.21"]
[Round "8"]
[White "semperfi"]
[Black "MasterD"]
[Result "1/2-1/2"]
[WhiteElo "1435"]
[BlackElo "1512"]
[Opening "Queen's pawn: Yusupov-Rubinstein system"]
[ECO "A46"]
[Time "17:00:04"]
[TimeControl "2700+45"]

1. d4 Nf6 2. Nf3 e6 3. e3 b6 4. Bd3 Bb7 5. O-O d6 6. c4 Be7 7. Nc3 O-O 8. Re1
Nbd7 9. e4 c5 10. e5 dxe5 11. dxe5 Ng4 12. Bf4 g5 13. Bg3 h5 14. h3 Nh6 15. Ne4
f5 16. Nd6 Bxd6 17. exd6 Qf6 18. Ne5 Nxe5 19. Bxe5 Qf7 20. f4 Qg6 21. Qe2 gxf4
22. Bxf4 Rae8 23. Qd2 Nf7 24. Bf1 e5 25. d7 Re7 26. Rad1 Rd8 27. Qc3 Rexd7 28.
Rxd7 Rxd7 29. Bxe5 Nxe5 30. Qxe5 Rd2 31. Qe8+ Qxe8 32. Rxe8+ Kf7 33. Re2 Rxe2
34. Bxe2 Kg6 {Game drawn by mutual agreement} 1/2-1/2

[Event "Team 45 45 League T63"]
[Site "Internet Chess Club"]
[Date "2015.01.25"]
[Round "8"]
[White "QuieroAprender"]
[Black "Elalfer"]
[Result "1-0"]
[WhiteElo "1658"]
[BlackElo "1565"]
[Opening "Sicilian defense"]
[ECO "B44"]
[Time "18:09:16"]
[TimeControl "2700+45"]

1. e4 c5 2. Nf3 Nc6 3. d4 cxd4 4. Nxd4 e6 5. Nxc6 bxc6 6. Nc3 Nf6 7. Bd3 Be7 8.
O-O O-O 9. b3 d5 10. exd5 Nxd5 11. Bb2 Bf6 12. Na4 Nb6 13. Qh5 g6 14. Qf3 Bxb2
15. Nxb2 Nd5 16. c4 Ne7 17. Rfd1 Qc7 18. Qf6 Nf5 19. Be4 Bb7 20. Na4 Rad8 21.
Nc5 Ba8 22. h4 Qe7 23. Qxe7 Nxe7 24. Nd7 f5 25. Nxf8 Rxd1+ 26. Rxd1 fxe4 27. Rd8
Bb7 28. Nxe6+ Kf7 29. Ng5+ Kf6 30. Nxh7+ Kf7 {Black resigns} 1-0

[Event "Team 45 45 League T63"]
[Site "Internet Chess Club"]
[Date "2015.01.24"]
[Round "8"]
[White "Berke"]
[Black "pcvan"]
[Result "0-1"]
[WhiteElo "1517"]
[BlackElo "1591"]
[Opening "Scandinavian: Pytel-Wade variation"]
[ECO "B01"]
[Time "08:07:11"]
[TimeControl "2700+45"]

1. e4 d5 2. exd5 Qxd5 3. Nc3 Qd6 4. d4 c6 5. Nf3 Bg4 6. Be2 Nf6 7. Be3 e6 8. h3
Bh5 9. Ne5 Bxe2 10. Qxe2 Nbd7 11. Nd3 Be7 12. a3 O-O 13. O-O Nb6 14. Bf4 Qd8 15.
Rad1 Qxd4 16. Be5 Qd8 17. Nc5 Nbd5 18. Bxf6 Bxf6 19. N3e4 Bxb2 20. c4 Bxa3 21.
cxd5 exd5 22. Nxb7 Qc7 23. Nec5 Rfe8 24. Qa2 Bxc5 25. Nxc5 Qe7 26. Qa5 Reb8 27.
Nd3 Qd8 28. Qc5 Qb6 29. Qd6 a5 30. Rb1 Rd8 31. Qe7 Qa7 32. Rb7 Qd4 33. Qxf7+ Kh8
34. Ne5 Qxe5 35. f4 Qf6 36. Qc7 a4 37. Qb6 h6 38. Re1 Re8 39. Rxe8+ Rxe8 40. Rb8
Rxb8 41. Qxb8+ Kh7 42. Qa8 Qd4+ 43. Kh1 Qc4 44. f5 d4 45. Qe8 Qf1+ 46. Kh2 Qxf5
47. Qxc6 d3 48. Qxa4 d2 49. Qd4 Qc2 {White resigns} 0-1

[Event "Team 45 45 League T63"]
[Site "Internet Chess Club"]
[Date "2015.01.25"]
[Round "8"]
[White "JOFRAN"]
[Black "QuimCatala"]
[Result "1-0"]
[WhiteElo "1491"]
[BlackElo "1355"]
[Opening "Sicilian: Sveshnikov variation"]
[ECO "B33"]
[Time "19:05:34"]
[TimeControl "2700+45"]

1. e4 c5 2. Nf3 Nc6 3. d4 cxd4 4. Nxd4 Nf6 5. Nc3 e5 6. Ndb5 d6 7. Bg5 a6 8. Na3
b5 9. Bxf6 gxf6 10. Nd5 f5 11. Bd3 f4 12. g3 fxg3 13. hxg3 Bg7 14. c3 Be6 15.
Nc2 Bxd5 16. exd5 Ne7 17. Ne3 Ng6 18. a4 O-O 19. Qh5 h6 20. Nf5 Qg5 21. Nxh6+
Bxh6 22. Qxh6 Qxh6 23. Rxh6 Kg7 24. Rh5 Rh8 25. Rxh8 Rxh8 26. axb5 Rh1+ 27. Bf1
axb5 28. Ra6 e4 29. Rxd6 Ne5 30. Ke2 Nc4 31. Ra6 Kf8 32. b3 Ne5 33. Bg2 Rc1 34.
Kd2 Rb1 35. Bxe4 Rxb3 36. f4 Nc4+ 37. Kd3 Ke7 38. Kd4 Nd6 39. Ra7+ Kf6 40. g4
Nxe4 41. Kxe4 Rxc3 42. g5+ Kg7 43. d6 Rc1 44. Rb7 Rd1 45. Ke5 Re1+ 46. Kd5 Rd1+
47. Kc6 b4 48. d7 Rc1+ 49. Kb6 Rd1 50. Kc7 Rc1+ 51. Kd8 Rc4 52. f5 f6 53. g6 Rf4
54. Kc8 Rc4+ 55. Kb8 Rd4 56. d8=Q+ Kh6 57. Qxd4 Kg5 58. Rxb4 Kxf5 59. Rb5+ Ke6
60. Qg4+ Ke7 61. Rb6 f5 62. Qxf5 Ke8 63. Qf7+ Kd8 64. Ka8 Kc8 65. Rb8# {Black
checkmated} 1-0

[Event "Team 45 45 League T63"]
[Site "Internet Chess Club"]
[Date "2015.01.26"]
[Round "8"]
[White "HorseRadish"]
[Black "olivermx"]
[Result "1-0"]
[WhiteElo "1478"]
[BlackElo "1342"]
[Opening "Scotch gambit"]
[ECO "C44"]
[Time "18:19:07"]
[TimeControl "2700+45"]

1. e4 e5 2. Nf3 Nc6 3. d4 exd4 4. Bc4 d6 5. c3 Ne5 6. Bb3 Nxf3+ 7. Qxf3 Qf6 8.
cxd4 Qxf3 9. gxf3 Bh3 10. Rg1 O-O-O 11. Nc3 Be6 12. Bg5 Re8 13. d5 Bd7 14. O-O-O
h6 15. Be3 a6 16. Bd4 Nf6 17. Kb1 Be7 18. Rxg7 Ref8 19. Rc1 Rhg8 20. Rgg1 Rxg1
21. Rxg1 Rg8 22. Rxg8+ Nxg8 23. Be3 f5 24. Kc2 fxe4 25. fxe4 Nf6 26. f3 h5 27.
Kd3 c6 28. Na4 cxd5 29. Nb6+ Kc7 30. Nxd5+ Nxd5 31. Bxd5 Bb5+ 32. Bc4 Bc6 33. f4
b5 34. Be6 Bf6 35. Bd4 Bxd4 36. Kxd4 Kd8 37. f5 Ke7 38. Bd5 Bxd5 39. Kxd5 h4 40.
f6+ Kxf6 41. Kxd6 h3 42. e5+ Kf7 43. Kd7 {Black resigns} 1-0